 Dungeon Crawl Stone Soup version 0.28-a0-479-g5baa6b73be (webtiles) character file.

Game seed: 9981090815499814520

4 Dabor the Skirmisher (level 1, -2/18 HPs)
             Began as a Formicid Abyssal Knight on Sept 19, 2021.
             Was an Initiate of Lugonu.
             Slain by a gnoll (4 damage)
             ... on level 1 of the Dungeon.
             The game lasted 00:01:54 (317 turns).

Dabor the Skirmisher (Formicid Abyssal Knight)       Turns: 317, Time: 00:01:55

Health: -2/18      AC:  8    Str: 16    XL:     1   Next: 77%
Magic:  2/2        EV:  7    Int: 11    God:    Lugonu [......]
Gold:   7          SH:  0    Dex: 10    Spells: 0/0 levels left

rFire   . . .      SeeInvis +   a - +2 spear
rCold   . . .      Faith    .   (no shield)
rNeg    . . .      Spirit   .   c - +0 chain mail
rPois   .          Reflect  .   (helmet unavailable)
rElec   .          Harm     .   (no cloak)
rCorr   .          Rampage  .   (no gloves)
Will    .....                   (no boots)
Stlth   ..........              (no amulet)
HPRegen 0.06/turn               (no ring)
MPRegen 0.08/turn               (no ring)

@: no status effects
A: permanent stasis, dig shafts and tunnels, antennae 3, four strong arms
a: Dig, Shaft Self, Renounce Religion


You were on level 1 of the Dungeon.
You worshipped Lugonu.
Lugonu was noncommittal.
You visited 1 branch of the dungeon, and saw 1 of its levels.
You visited the Abyss 1 time.

You collected 7 gold pieces.

Inventory:

Hand Weapons
 a - a +2 spear (weapon)
Armour
 b - a +0 leather armour
 c - a +0 chain mail (worn)
Potions
 e - a potion of lignification {unknown}


   Skills:
 + Level 3.3 Fighting
 + Level 2.1 Polearms
 + Level 2.3 Armour
 + Level 1.0 Dodging
 + Level 2.3 Invocations


You couldn't memorise any spells.
You didn't know any spells.
Your spell library was empty.

Dungeon Overview and Level Annotations

Branches:
Dungeon (1/15)

Altars:


Innate Abilities, Weirdness & Mutations

You cannot be hasted, slowed, berserked, paralysed or teleported.
You can dig through walls and to a lower floor.
You have a pair of large antennae on your head. (SInv)
Your four strong arms can wield two-handed weapons with a shield.


Message History

Press: ? - help, Dir - move target, f/p - bat
Aim: a bat (severely wounded, about 54% to evade your +2 spear)
The goblin is in the way.
You hit the goblin.
You kill the goblin!
Lugonu accepts your kill. The bat hits you but does no damage.
Your Dodging skill increases to level 1!
The bat hits something. x2
The bat hits you but does no damage.
You closely miss the bat.
The bat is heavily wounded.
The bat hits you.
* * * LOW HITPOINT WARNING * * *
A quokka comes into view.
You hit the bat.
You kill the bat!
Lugonu accepts your kill.
You see here a +0 spear.
The quokka bites you but does no damage.
The quokka bites you but does no damage.
The quokka twitches its whiskers.
The quokka barely misses you.
The quokka bites you but does no damage.
Things that are here:
a +0 dagger; a goblin corpse The quokka bites you.
* * * LOW HITPOINT WARNING * * *
The quokka barely misses you.
Things that are here:
a +0 dagger; a goblin corpse The quokka bites you but does no damage.
The quokka bites you but does no damage.
The quokka barely misses you.
The quokka bites you but does no damage.
The quokka bites you.
* * * LOW HITPOINT WARNING * * *
The gnoll hits you with a +0 flail.
* * * LOW HITPOINT WARNING * * *
The gnoll hits you with a +0 flail.
You die...

######### #..!.....#
###### ##........# #....#
..........#####.##.#######
..............rg.........
..§.§....#####@##.######.
###..§§....###...##.######
..§§..§§....##.........g.#
###§#####.#.##........##.#
..#§§{{{{{#..)........##.#
#.#§###########......###.#
#.§§.g...............###g#
...PP.PPP.P.PP.PPPP..)...#
#.#PPPPPP.......PPP.###..#


You could see a gnoll and a quokka.

Vanquished Creatures
  A bat (D:1)
  2 goblins (D:1)
  A kobold (D:1)
4 creatures vanquished.

Vanquished Creatures (others)
  45 plants (D:1)
45 creatures vanquished.

Grand Total: 49 creatures vanquished

Notes
Turn   | Place    | Note
-------+----------+-------------------------------------------
     0 | Abyss:1  | Dabor the Formicid Abyssal Knight began the quest for the
                  | Orb.
     0 | Abyss:1  | Reached XP level 1. HP: 18/18 MP: 2/2
     6 | Abyss:1  | Found a shimmering altar of Xom.
    37 | Abyss:1  | Noticed a neqoxec
    37 | Abyss:1  | Noticed a large abomination
    37 | Abyss:1  | Noticed a demonic crawler
    42 | D:1      | Escaped the Abyss
   259 | D:1      | Reached skill level 1 in Dodging
   317 | D:1      | Slain by a gnoll

Illustrated notes

Levels and vault maps discovered:
D:1:      roderic_crop_circles_arrival_small, layout_basic, serial_shops,
          nicolae_shop_statue_plus, minmay_split_cup_small

Skill      XL: |  1 |
---------------+----+-----
Dodging        | 1 |  1.0
Fighting       | |  3.3
Polearms       | |  2.1
Armour         | |  2.3
Invocations    | |  2.3

Action                   || total
-------------------------++-------
Melee: Spear             ||    23
Invok: Depart the Abyss  ||     1
  Use: Scroll            ||     2
Armor: Chain mail        ||    86
Dodge: Dodged            ||    31

Table legend: (Time is in decaauts)
 A = Elapsed time spent in this place.
 B = Non-inter-level travel time spent in this place.
 C = Inter-level travel time spent in this place.
 D = Time resting spent in this place.
 E = Time spent auto-exploring this place.
 F = Levels seen in this place.
 G = Mean time per level.
                   A        B        C        D        E       F      G
               +--------+--------+--------+--------+--------+-----+--------+
         Total |    316 |    316 |      0 |      0 |     50 |   2 |  158.0 |
       Dungeon |    274 |    274 |      0 |      0 |     49 |   1 |  274.0 |
         Abyss |     42 |     42 |      0 |      0 |      1 |   1 |   42.0 |
               +--------+--------+--------+--------+--------+-----+--------+

Top non-repeatable levels by time:
     D:1: 274 daAuts
 Abyss:1: 42 daAuts
